 Dungeon Crawl Stone Soup version 0.31-a0-210-gccc998df9b (webtiles) character file.

Game seed: 13267454845151035315

109 qw the Shooter (level 4, -6/26 HPs)
             Began as a Gargoyle Hexslinger on June 29, 2023.
             Mangled by a gnoll
             ... wielding a +0 flail
              (8 damage)
             ... on level 3 of the Dungeon.
             The game lasted 00:00:48 (2024 turns).

qw the Shooter (Gargoyle Hexslinger)                Turns: 2024, Time: 00:00:48

Health: -6/26      AC:  7    Str: 11    XL:     4   Next: 89%
Magic:  5/5        EV:  6    Int: 14    God:
Gold:   145        SH:  0    Dex: 14    Spells: 4/5 levels left

rFire   . . .        Y - +1 sling
rCold   . . .        (no shield)
rNeg    + . .        d - +0 leather armour
rPois   inf          (no helmet)
rElec   +            (no cloak)
rCorr   .            f - +0 pair of gloves
SInv    .            (no boots)
Will    .....        (no amulet)
Stlth   +            (no ring)
HPRegen 0.24/turn    (no ring)
MPRegen 0.09/turn

%: no passive effects
@: held
A: sickness immunity, AC +3, negative energy resistance 1, electricity
resistance, torment resistance 1, petrification resistance
a: no special abilities


You were on level 3 of the Dungeon.
You visited 1 branch of the dungeon, and saw 3 of its levels.

You collected 145 gold pieces.


Innate Abilities, Weirdness & Mutations

You are immune to sickness and miasma.
Your stone body is resilient. (AC +3)
You are immune to poison.
You resist negative energy. (rN+)
You are resistant to electric shocks. (rElec)
You are resistant to unholy torment.
You are immune to petrification.


   Skills:
 - Level 2.0 Fighting
 + Level 4.6 Ranged Weapons
 - Level 1.5 Dodging
 - Level 1.0 Spellcasting
 - Level 2.6 Hexes


You had 4 spell levels left.
You knew the following spells:

 Your Spells              Type           Power      Damage    Failure   Level
a - Slow                  Hex            32%        N/A       12%         1

Your spell library contained the following spells:

 Spells                   Type           Power      Damage    Failure   Level
 Inner Flame              Hex/Fire       4%         N/A       52%         3
 Portal Projectile        Hex/Tloc       8%         N/A       52%         3
 Cause Fear               Hex            4%         N/A       75%         4

Inventory:

Hand Weapons
 Y - a +1 sling (weapon)
Armour
 d - a +0 leather armour (worn)
 f - a +0 pair of gloves (worn)
Scrolls
 g - 3 scrolls of identify
Potions
 a - 2 potions of mutation {unknown}
 b - a potion of haste {unknown}
 c - a potion of attraction {unknown}
 i - a potion of curing

Dungeon Overview and Level Annotations

Branches:
Dungeon (3/15)

Altars:

Annotations:
D:3 3 runed translucent doors, qw's ghost, amateur DEHu


Message History

2017 ||| Stepping ~*~*~tactically~*~*~ (outnumbered).
A gnoll comes into view. It is wielding a +0 flail.
The gnoll drinks a potion.
The gnoll flickers and vanishes!
Deactivating autopickup; reactivate with Ctrl-A.
Enter note:
Enter note:
Enter note:
Enter note: You shoot a sling bullet.
The gnoll shouts!
The sling bullet hits the gnoll.
The gnoll is lightly wounded.
An endoplasm comes into view.
The gnoll hits you from afar with a +0 halberd.
You shoot a sling bullet. The endoplasm quivers.
The sling bullet hits the gnoll but does no damage.
The gnoll is lightly wounded.
The gnoll hits you from afar with a +0 halberd.
You shoot a sling bullet.
The sling bullet hits the gnoll but does no damage.
The gnoll is lightly wounded.
The gnoll throws a throwing net.
The throwing net barely misses you. The gnoll barely misses you.
You shoot a sling bullet.
The sling bullet hits the gnoll but does no damage.
The gnoll is lightly wounded.
A bat comes into view.
The gnoll hits you from afar with a +0 halberd.
You shoot a sling bullet.
The sling bullet barely misses the gnoll.
An adder comes into view.
Something hits you!
The gnoll throws a throwing net.
The throwing net hits you.
You become entangled in the net!
The gnoll completely misses you.
You struggle against the net.
Something hits you but does no damage.
The gnoll hits you from afar with a +0 halberd.
You struggle against the net.
Something hits you!
You die...

.. #.#.# ##..#### #g#
..#.. #....# ..# #.#.#
##..##
...#S..######...# . ..
#.#.#.#...)..### #
##.# ..g#b.#####.#.# .
......
#J#g#........###
.###.##{g.######.#...#
.......@#.## #.##.##
##^###.##..# #.##.###
.........## #.##...#
###.###.## #.####.#
#.###.# ..# #.#
#.....# ### #.#
#.##### #.# #.# #.#
#.# #.#


You could see 3 gnolls, an adder, an endoplasm and a bat.

Vanquished Creatures
  6 adders
  A worm (D:3)
  A dart slug (D:1)
  An orc (D:3)
  6 ball pythons (D:1)
  3 bats (D:1)
  2 giant cockroaches
  6 goblins
  3 hobgoblins
  2 jackals (D:1)
  4 quokkas
  3 frilled lizards
  6 kobolds
  5 rats
49 creatures vanquished.

Notes
Turn   | Place    | Note
-------+----------+-------------------------------------------
     0 | D:1      | qw the Gargoyle Hexslinger began the quest for the Orb.
     0 | D:1      | Reached XP level 1. HP: 12/12 MP: 2/2
     0 | D:1      | 0 ||| qw: Version: 0.3-a-24-ga2abf7b
     0 | D:1      | 0 ||| qw: Game counter: 6849
     0 | D:1      | 0 ||| qw: Melee chars always use a shield: true
     0 | D:1      | 0 ||| qw: God list: Okawaru
     0 | D:1      | 0 ||| qw: Allow faded altars: false
     0 | D:1      | 0 ||| qw: Do Orc after clearing Dungeon:15 true
     0 | D:1      | 0 ||| qw: Do second Lair branch before Depths: true
     0 | D:1      | 0 ||| qw: Lair rune preference: random
     0 | D:1      | 0 ||| qw: Goals: Normal
     0 | D:1      | 0 ||| PLANNING D:1-11
   200 | D:1      | Reached XP level 2. HP: 16/16 MP: 3/3
   210 | D:1      | 210 ||| FLEEEEING.
   280 | D:1      | Reached skill level 3 in Ranged Weapons
   405 | D:1      | Reached XP level 3. HP: 19/21 MP: 4/4
   749 | D:1      | 749 ||| READING scroll labelled HOILEO YCAEWN.
   766 | D:1      | 766 ||| READING scroll labelled FOHAKU UNLATT.
   767 | D:1      | 767 ||| READING 4 scrolls labelled RYPPUI ZAUPNI.
   768 | D:1      | 768 ||| READING 3 scrolls of identify.
   768 | D:1      | 768 ||| IDENTIFYING bubbling ruby potion
   769 | D:1      | 769 ||| DROPPING scroll of poison.
   770 | D:1      | 770 ||| DROPPING potion of degeneration.
  1585 | D:2      | Reached XP level 4. HP: 26/26 MP: 5/5
  1612 | D:2      | 1612 ||| UPGRADING to +0 leather armour.
  1622 | D:2      | 1622 ||| DROPPING +0 robe.
  1623 | D:2      | 1623 ||| UPGRADING to +0 pair of gloves.
  1628 | D:2      | 1628 ||| READING scroll labelled QIDWUM NAVVI.
  1633 | D:2      | 1633 ||| READING scroll labelled BYS KICOPRO.
  1634 | D:2      | 1634 ||| READING 5 scrolls of identify.
  1634 | D:2      | 1634 ||| IDENTIFYING coppery potion
  1635 | D:2      | 1635 ||| READING 4 scrolls of identify.
  1635 | D:2      | 1635 ||| IDENTIFYING emerald potion
  1636 | D:2      | 1636 ||| READING 3 scrolls of identify.
  1636 | D:2      | 1636 ||| IDENTIFYING bubbling puce potion
  1637 | D:2      | 1637 ||| DROPPING potion of invisibility.
  1638 | D:2      | 1638 ||| DROPPING potion of magic.
  1682 | D:3      | Reached skill level 4 in Ranged Weapons
  1760 | D:3      | Found a runed translucent gate.
  1760 | D:3      | Found a runed translucent gate.
  1760 | D:3      | Found a runed translucent gate.
  1761 | D:3      | Noticed qw's ghost (amateur DEHu)
  1761 | D:3      | Noticed a kobold brigand
  2017 | D:3      | 2017 ||| Stepping ~*~*~tactically~*~*~ (outnumbered).
  2023 | D:3      | HP: 1/26 [gnoll/+0 halberd (6)]
  2024 | D:3      | Mangled by a gnoll

Levels and vault maps discovered:
D:1:      amcnicky_arrival_blooded_trapdoor, layout_basic
D:2:      layout_loops_corners, minmay_misc_feat_enclosed,
          nicolae_figureground_pulse
D:3:      layout_loops_ring, gammafunk_ghost_nasty_kobolds,
          nicolae_concentric_dashed_squares_wild, minmay_misc_feat_columns

Skill      XL: |  1  2  3  4 |
---------------+-------------+-----
Ranged Weapons | 3 4 |  4.6
Fighting       | 2 |  2.0
Dodging        | |  1.5
Spellcasting   | |  1.0
Hexes          | |  2.6

Action                     |  1- 3 |  4- 6 || total
---------------------------+-------+-------++-------
   Fire: Sling             |   109 |    72 ||   181
    Use: Scroll            |     4 |     5 ||     9
 Armour: Robe              |    16 |       ||    16
         Leather armour    |       |    12 ||    12
  Dodge: Dodged            |    45 |    20 ||    65

Table legend:
 A = Non-vault XP
 B = Vault XP
 C = Vault XP percentage of total XP
 D = Non-vault monster count
 E = Vault monster count
 F = Vault count percentage of total count
                 A         B        C        D         E       F
            +---------+---------+-------+---------+---------+-------
      Total |     156 |       0 |   0.0 |      49 |       0 |   0.0
            +---------+---------+-------+---------+---------+-------
        D:1 |      43 |       0 |   0.0 |      26 |       0 |   0.0
        D:2 |      44 |       0 |   0.0 |       7 |       0 |   0.0
        D:3 |      69 |       0 |   0.0 |      16 |       0 |   0.0
            +---------+---------+-------+---------+---------+-------
